 Dungeon Crawl Stone Soup version 0.23-a0-619-g281719c (webtiles) character file.

165 Lavandula the Cutter (level 5, 0/31 HPs)
             Began as a Halfling Enchanter on Dec 22, 2018.
             Shot with an arrow by a centaur (6 damage)
             ... on level 5 of the Dungeon.
             The game lasted 00:07:02 (1472 turns).

Lavandula the Cutter (Halfling Enchanter)           Turns: 1472, Time: 00:07:02

Health: 0/31       AC:  2    Str:  9    XL:     5   Next: 75%
Magic:  9/9        EV: 15    Int: 14    God:
Gold:   91         SH:  0    Dex: 15    Spells: 1/10 levels left

rFire    . . .     SeeInvis .   h - +3 dagger (venom)
rCold    . . .     Gourm    .   (shield restricted)
rNeg     . . .     Faith    .   b - +0 robe
rPois    .         Spirit   .   (no helmet)
rElec    .         Reflect  .   (no cloak)
rCorr    .         Harm     .   (no gloves)
MR       .....                  (no boots)
Stlth    ++........             (no amulet)
HPRegen  0.10/turn              (no ring)
MPRegen  0.11/turn              (no ring)

@: no status effects
A: small, mutation resistance 1
a: no special abilities


You were on level 5 of the Dungeon.
You were not hungry.

You visited 1 branch of the dungeon, and saw 4 of its levels.

You collected 91 gold pieces.

Inventory:

Hand Weapons
 a - a +1 dagger
 h - a +3 dagger of venom (weapon)
 m - a +1 short sword of venom
 n - a +0 hunting sling
Missiles
 k - a throwing net (quivered)
 o - 31 sling bullets
Armour
 b - a +0 robe (worn)
Wands
 j - a wand of iceblast (8)
Scrolls
 e - 3 scrolls of remove curse {unknown}
 f - a scroll of identify {unknown}
 i - a scroll of fear {unknown}
 l - a scroll of fog {unknown}
 q - a scroll of enchant armour {unknown}
Potions
 c - 2 potions of flight {unknown}
 g - a potion of brilliance {unknown}
Comestibles
 d - 3 rations
 p - 2 chunks of flesh


   Skills:
 + Level 4.6 Short Blades
 - Level 2.1 Dodging
 - Level 3.2 Stealth
 - Level 3.0 Spellcasting
 - Level 2.4 Hexes


You had one spell level left.
You knew the following spells:

 Your Spells              Type           Power        Failure   Level  Hunger
a - Corona                Hex            #......      8%          1    #......
b - Ensorcelled Hibernat  Hex/Ice        #.....       21%         2    ##.....
c - Confuse               Hex            #.......     24%         3    ###....
d - Dazzling Spray        Conj/Hex       #.....       36%         3    ###....

Your spell library contained the following spells:

 Spells                   Type           Power        Failure   Level  Hunger
 Tukima's Dance           Hex            #.......     24%         3    ###....


Dungeon Overview and Level Annotations

Branches:
Dungeon (3/15)

Altars:
Zin

Annotations:
D:3 3 runed doors, bli's ghost, amateur DrTm
D:5 Grinder


Innate Abilities, Weirdness & Mutations

You are small and have problems with some larger weapons.
You are somewhat resistant to further mutation.


Message History

The crimson imp shouts, "Slither home, thou churlish folly-fallen clotpole!"
The crimson imp barely misses you. The orc closely misses you.
The crimson imp hits you. The orc hits you. The orc closely misses you.
A centaur comes into view.
The centaur shouts!
The centaur wields a +0 shortbow.
The centaur shoots an arrow.
The arrow misses you.
The crimson imp blinks!
You see here an arrow.
Okay, then.
Okay, then.
The centaur shoots an arrow.
The arrow misses you.
Found 10 gold pieces and 18 bolts.
The centaur shoots an arrow.
The arrow misses you.
The orc priest calls down the wrath of Beogh upon you.
Beogh smites you!
* * * LOW HITPOINT WARNING * * *
The centaur shoots an arrow.
The arrow hits you.
You die...

# .. ... ## .(..
.#
.....#####.#####
........#.......
#@#.......
#o.....c..
##(#$......
#..#.......
#.5#....... .8
##o.#....... #.#
#...#.......


.oo ##.o######## ... ##..## You could see a centaur, an orc priest, a crimson
imp and 2 orcs.

Vanquished Creatures
  Ijyb (D:3)
  An iguana (D:2)
  7 adders
  An ooze (D:1)
  2 worms
  2 dart slugs (D:2)
  A leopard gecko (D:2)
  2 bats (D:2)
  4 giant cockroaches
  8 goblins
  A hobgoblin (D:2)
  4 jackals
  A quokka (D:2)
  A ball python (D:2)
  2 kobolds (D:1)
  6 rats
44 creatures vanquished.

Notes
Turn   | Place    | Note
-------+----------+-------------------------------------------
     0 | D:1      | Lavandula the Halfling Enchanter began the quest for the
                  | Orb.
     0 | D:1      | Reached XP level 1. HP: 11/11 MP: 3/3
   174 | D:1      | Reached skill level 2 in Short Blades
   174 | D:1      | Reached XP level 2. HP: 3/17 MP: 2/4
   195 | D:1      | Learned a level 2 spell: Ensorcelled Hibernation
   665 | D:2      | Reached skill level 3 in Short Blades
   730 | D:2      | Reached XP level 3. HP: 21/21 MP: 5/5
   997 | D:2      | Reached XP level 4. HP: 27/27 MP: 0/7
  1169 | D:3      | Found a runed gate.
  1170 | D:3      | Found a runed gate.
  1171 | D:3      | Found a runed gate.
  1178 | D:3      | Noticed bli's ghost (amateur DrTm)
  1188 | D:3      | Noticed Ijyb
  1212 | D:3      | Killed Ijyb
  1231 | D:3      | Reached XP level 5. HP: 31/31 MP: 9/9
  1236 | D:3      | Learned a level 3 spell: Confuse
  1240 | D:3      | Learned a level 3 spell: Dazzling Spray
  1301 | D:2      | Reached skill level 4 in Short Blades
  1452 | D:3      | Found a glowing silver altar of Zin.
  1455 | D:3      | You fall through a shaft for 2 floors!
  1455 | D:5      | Entered Level 5 of the Dungeon
  1456 | D:5      | Noticed Grinder
  1470 | D:5      | Noticed a centaur
  1472 | D:5      | Shot with an arrow by a centaur

Vault maps used:
D:1:      wheals_arrival_linesprint
D:2:      minmay_razor_zed, first_ration, st_stairs_1, hex_medium,
          minmay_misc_feat_tower
D:3:      okawaru_trees_1, marbit_many_paths, zin_scriptorium,
          gammafunk_ghost_necromancy, uniq_ijyb
D:5:      lemuel_coloured_pillars_altar, led_sif_pool, guppyfry_early_orc_mine,
          uniq_grinder

Skill      XL: |  1  2  3  4  5 |
---------------+----------------+-----
Short Blades   | 2 3 4 |  4.6
Spellcasting   | 2 3 |  3.0
Dodging        | |  2.1
Stealth        | |  3.2
Hexes          | |  2.4

Action                   |  1- 3 |  4- 6 || total
-------------------------+-------+-------++-------
Melee: Dagger            |    55 |    60 ||   115
 Cast: Corona            |     5 |       ||     5
       Ensorcelled Hiber |     8 |     6 ||    14
 Stab: Sleeping          |     5 |    12 ||    17
  Eat: Chunk             |     1 |     2 ||     3
Armor: Robe              |     9 |     7 ||    16
Dodge: Dodged            |    42 |    68 ||   110

Table legend:
 A = Non-vault XP
 B = Vault XP
 C = Vault XP percentage of total XP
 D = Non-vault monster count
 E = Vault monster count
 F = Vault count percentage of total count
                 A         B        C        D         E       F
            +---------+---------+-------+---------+---------+-------
      Total |     171 |      66 |  27.8 |      36 |       8 |  18.2
            +---------+---------+-------+---------+---------+-------
        D:1 |      24 |       0 |   0.0 |      12 |       0 |   0.0
        D:2 |     127 |      30 |  19.1 |      20 |       7 |  25.9
        D:3 |      20 |      36 |  64.3 |       4 |       1 |  20.0
            +---------+---------+-------+---------+---------+-------
